 Dungeon Crawl Stone Soup version 0.28-a0-1080-g05a166d0ed (webtiles) character file.

Game seed: 3760988051346814061

170 ytrimaz the Insei (level 5, -2/34 HPs)
             Began as an Octopode Transmuter on Dec 9, 2021.
             Slain by Grinder (8 damage)
             ... on level 3 of the Dungeon.
             The game lasted 00:03:30 (1561 turns).

ytrimaz the Insei (Octopode Transmuter)             Turns: 1561, Time: 00:03:30

Health: -2/34      AC:  5    Str:  7    XL:     5   Next: 51%
Magic:  9/9        EV: 13    Int: 17    God:
Gold:   78         SH:  0    Dex: 19    Spells: 5/9 levels left

rFire   . . .      SeeInvis .     - Unarmed
rCold   + . .      Faith    .   (no shield)
rNeg    . . .      Spirit   .   (helmet restricted)
rPois   .          Reflect  .   a - amulet of magic regeneration
rElec   .          Harm     .   c - +4 ring of protection
rCorr   .          Rampage  .   d - +6 ring of dexterity
Will    .....                   h - ring of protection from cold
Stlth   +++.......              (no ring)
HPRegen 0.11/turn               (no ring)
MPRegen 0.51/turn               (no ring)
                                (no ring)
                                (no ring)

@: lethally poisoned (-2 -> -6)
A: almost no armour, amphibious, 8 rings, camouflage 1, gelatinous body 1,
(nimble swimmer 1), tentacles, weak 1
a: no special abilities


You were on level 3 of the Dungeon.
You visited 1 branch of the dungeon, and saw 3 of its levels.

You collected 78 gold pieces.

Inventory:

Missiles
 b - a throwing net
Jewellery
 a - an amulet of magic regeneration (around mantle)
 c - a +4 ring of protection (left tentacle)
 d - a +6 ring of dexterity (right tentacle)
 h - a ring of protection from cold (on tentacle)
Wands
 g - a wand of digging (4)
Scrolls
 f - a scroll of teleportation
 i - a scroll of identify


   Skills:
 * Level 2.2 Fighting
 - Level 2.0 Dodging
 + Level 4.5 Unarmed Combat
 * Level 2.8 Spellcasting
 * Level 2.8 Transmutations
 + Level 0.6 Poison Magic


You had 5 spell levels left.
You knew the following spells:

 Your Spells              Type           Power      Damage    Failure   Level
a - Beastly Appendage     Tmut           22%        N/A       5%          1
b - Spider Form           Tmut/Pois      8%         N/A       26%         3

Your spell library contained the following spells:

 Spells                   Type           Power      Damage    Failure   Level
 Wereblood                Tmut           11%        N/A       9%          2
 Ice Form                 Ice/Tmut       7%         N/A       69%         4


Dungeon Overview and Level Annotations

Branches:
Dungeon (3/15)

Altars:
Fedhas

Shops:
D:2 =

Annotations:
D:3 Grinder


Innate Abilities, Weirdness & Mutations

You cannot wear most types of armour.
You are amphibious.
You can wear up to eight rings at the same time.
Your skin changes colour to match your surroundings (Stealth+).
Your rubbery body absorbs attacks. (AC +1, EV +1)
((You are camouflaged near water. (Stealth+)))
You have tentacles for arms and can constrict up to eight enemies at once.
You are weak. (Str -2)


Message History

The adder bites you.
Grinder blinks!
The adder bites you but does no damage.
You can move again.
The adder bites you but does no damage.
Unknown command.
You hit Grinder.
Grinder is moderately wounded.
Your transformation has ended.
The adder barely misses you. Grinder closely misses you.
You tentacle-slap Grinder. Your grab misses Grinder.
Grinder is heavily wounded.
The adder barely misses you. Grinder misses you.
Unknown command.
You tentacle-slap Grinder. You grab Grinder.
Grinder is heavily wounded.
You constrict Grinder. The adder bites you but does no damage.
The adder completely misses you.
Unknown command.
You tentacle-slap Grinder.
Grinder is heavily wounded.
You constrict Grinder. Grinder hits you.
You writhe in agony.
The adder bites you.
Unknown command.
You tentacle-slap Grinder.
Grinder is severely wounded.
You constrict Grinder, but do no damage.
Grinder hits you but does no damage. The adder bites you but does no damage.
Unknown command.
You barely miss the adder. Your grab misses the adder. You constrict Grinder.
Grinder hits you.
* * * LOW HITPOINT WARNING * * *
The adder bites you.
* * * LOW HITPOINT WARNING * * *
You are poisoned.
The adder poisons you!
Unknown command.
It was a potion of magic.
Magic courses through your body.
You constrict Grinder.
* * * LOW HITPOINT WARNING * * *
You feel sick. The adder closely misses you. Grinder hits you!
You die...

##.#.##.# ##(#.##.#.
###.#.##.#..
##.##.#.##.#. ### #####
#...##.#.##.#
#...##...###.†#.##†#.##.
..........##.#.#.##.#.##
.........<.†.##.#.##.#.#
......5@...#####.#.##.#.
.?.....S...# ##.#.##.#
..........## ##.#.##.
#...##....# ##.#.## ####
####.. ##.#.# ###. ##.#.
.. ##.# .. ##. ... ##


You could see Grinder (very poisoned) and an adder.

Vanquished Creatures
  A scorpion (D:3)
  A hound (D:3)
  Ijyb (D:3)
  2 adders (D:3)
  A worm (D:3)
  3 orcs (D:3)
  8 ball pythons
  3 endoplasms
  2 giant cockroaches
  5 goblins
  2 hobgoblins (D:1)
  A quokka (D:3)
  2 bats
  A kobold (D:1)
  6 rats
39 creatures vanquished.

Notes
Turn   | Place    | Note
-------+----------+-------------------------------------------
     0 | D:1      | ytrimaz the Octopode Transmuter began the quest for the
                  | Orb.
     0 | D:1      | Reached XP level 1. HP: 13/13 MP: 3/3
   113 | D:1      | Reached XP level 2. HP: 17/18 MP: 5/5
   438 | D:1      | Gained mutation: Your spells are a little easier to cast,
                  | but a little less powerful. [potion of mutation]
   570 | D:2      | Found Onewej's Jewellery Shop.
   594 | D:2      | Found a faded altar of an unknown god.
   671 | D:2      | Found a blossoming altar of Fedhas.
   926 | D:2      | Noticed an ogre
   963 | D:3      | Noticed a scorpion
  1058 | D:3      | Reached XP level 3. HP: 17/23 MP: 6/6
  1063 | D:3      | Learned a level 3 spell: Spider Form
  1163 | D:3      | Noticed Ijyb
  1218 | D:3      | Killed Ijyb
  1219 | D:3      | Reached XP level 4. HP: 21/29 MP: 7/7
  1360 | D:3      | Lost mutation: Your spells are a little easier to cast, but
                  | a little less powerful. [potion of mutation]
  1360 | D:3      | Gained mutation: You are weak. (Str -2) [potion of
                  | mutation]
  1417 | D:3      | Reached skill level 4 in Unarmed Combat
  1539 | D:3      | Killed a scorpion
  1540 | D:3      | Reached XP level 5. HP: 29/34 MP: 5/9
  1542 | D:3      | Noticed Grinder
  1551 | D:3      | Paralysed by Grinder for 2 turns
  1561 | D:3      | Slain by Grinder

Illustrated notes

Levels and vault maps discovered:
D:1:      erik_arrival_blinker_ship, layout_rooms, fountainhead,
          minmay_misc_feat_square
D:2:      layout_basic, hellmonk_ecumenical_altar_blasted, basic_altar,
          serial_shops, nicolae_shop_hallway_plus
D:3:      minmay_inner_zag, layout_rooms, ebering_ghost_gozag,
          bh_walls_and_bars, uniq_ijyb, uniq_grinder

Skill      XL: |  1  2  3  4 |
---------------+-------------+-----
Unarmed Combat | 4 |  4.5
Fighting       | 2 |  2.2
Dodging        | |  2.0
Spellcasting   | |  2.8
Transmutations | |  2.8
Poison Magic   | |  0.6

Action                   |  1- 3 |  4- 6 || total
-------------------------+-------+-------++-------
Melee: Unarmed           |    65 |    41 ||   106
       Constrict         |    17 |    10 ||    27
       Tentacles         |     4 |     8 ||    12
       Punch             |     1 |     2 ||     3
       Kick              |       |     5 ||     5
 Cast: Spider Form       |     2 |     1 ||     3
       Beastly Appendage |       |     2 ||     2
  Use: Scroll            |     7 |       ||     7
       Potion            |     1 |     2 ||     3
 Stab: Sleeping          |     6 |     1 ||     7
Armor: Skin              |    15 |    12 ||    27
Dodge: Dodged            |    47 |    25 ||    72

Table legend: (Time is in decaauts)
 A = Elapsed time spent in this place.
 B = Non-inter-level travel time spent in this place.
 C = Inter-level travel time spent in this place.
 D = Time resting spent in this place.
 E = Time spent auto-exploring this place.
 F = Levels seen in this place.
 G = Mean time per level.
                   A        B        C        D        E       F      G
               +--------+--------+--------+--------+--------+-----+--------+
         Total |   1552 |   1495 |     57 |      4 |   1051 |   3 |  517.3 |
       Dungeon |   1552 |   1495 |     57 |      4 |   1051 |   3 |  517.3 |
               +--------+--------+--------+--------+--------+-----+--------+

Top non-repeatable levels by time:
     D:2: 578 daAuts
     D:3: 517 daAuts
     D:1: 456 daAuts
